 Dungeon Crawl Stone Soup version 0.30-a0-883-g5ad918d77d (webtiles) character file.

Game seed: 475159171155482070

8 pokedragonboy the Ruffian (level 2, 0/25 HPs)
             Began as a Naga Transmuter on Mar 16, 2023.
             Slain by a quokka (4 damage)
             ... on level 1 of the Dungeon.
             The game lasted 00:01:02 (361 turns).

pokedragonboy the Ruffian (Naga Transmuter)          Turns: 361, Time: 00:01:02

Health: 0/25       AC:  1    Str: 12    XL:     2   Next: 8%
Magic:  4/5        EV:  9    Int: 13    God:
Gold:   0          SH:  0    Dex: 11    Spells: 4/5 levels left

rFire   . . .      SeeInvis +      - Unarmed
rCold   . . .      Faith    .    (no shield)
rNeg    . . .      Spirit   .    a - +0 robe
rPois   +          Reflect  .    (helmet currently unavailable)
rElec   .          Rampage  .    (no cloak)
rCorr   .                        (no gloves)
Will    .....                    (no barding)
Stlth   +                        (no amulet)
HPRegen 0.24/turn                (no ring)
MPRegen 0.09/turn                (no ring)

@: appendages, very slow
A: horns 2, AC +0, large, see invisible, deformed body, poison resistance,
slowness 2, spit poison 1, naga tail 1
a: Spit Poison, End Transformation


You were on level 1 of the Dungeon.
You had temporarily grown beastly horns.
You visited 1 branch of the dungeon, and saw 2 of its levels.

Inventory:

Armour
 a - a +0 robe (worn)
Scrolls
 c - a scroll of fog {unknown}
Potions
 b - a potion of lignification


   Skills:
 - Level 1.0 Fighting
 - Level 1.5 Dodging
 + Level 0.5 Stealth
 * Level 3.2 Unarmed Combat
 + Level 2.1 Spellcasting
 * Level 2.3 Transmutations


You had 4 spell levels left.
You knew the following spells:

 Your Spells              Type           Power      Damage    Failure   Level
a - Beastly Appendage     Tmut           14%        N/A       10%         1

Your spell library contained the following spells:

 Spells                   Type           Power      Damage    Failure   Level
 Wereblood                Tmut           7%         N/A       16%         2
 Spider Form              Tmut/Pois      4%         N/A       43%         3
 Inner Flame              Hex/Fire       1%         N/A       58%         3
 Ice Form                 Ice/Tmut       4%         N/A       83%         4
 Cause Fear               Hex            0%         N/A       94%         4
 Discord                  Hex            0%         N/A       100%        8


Dungeon Overview and Level Annotations

Branches:
Dungeon (2/15)

Altars:


Innate Abilities, Weirdness & Mutations

You have temporarily grown beastly horns.
Your serpentine skin is tough. (AC +0)
You have supernaturally acute eyesight. (SInv)
Armour fits poorly on your strangely shaped body.
Your system is resistant to poisons. (rPois)
You cover ground very slowly.
You can spit poison.
You have a snake-like lower body.


Message History

Casting: Beastly Appendage (safe; 10% risk of failure)
Confirm with . or Enter, or press ? or * to list all spells.
You grow a pair of large bovine horns.
The bat hits you. x2
You hit the bat.
The bat is severely wounded.
The bat hits you. The bat hits you but does no damage.
You closely miss the bat. The bat barely misses you.
You barely miss the bat.
Your transformation is almost over.
The bat hits you. The bat closely misses you.
You hit the bat.
The bat is severely wounded.
The bat hits you.
You hit the bat.
You kill the bat!
No target in view!
No target in view!
Your horns disappear.
HP restored.
A quokka comes into view.
You see here a scroll labelled YKITAH RUAT.
You see here a scroll labelled YKITAH RUAT.
c - a scroll labelled YKITAH RUAT The quokka bites you.
You barely miss the quokka. Your punch misses the quokka. The quokka bites you.
Okay, then.
Casting: Beastly Appendage (safe; 10% risk of failure)
Confirm with . or Enter, or press ? or * to list all spells.
You grow a pair of large bovine horns.
The quokka bites you.
You closely miss the quokka. Your headbutt misses the quokka.
The quokka bites you.
You hit the quokka but do no damage. The quokka bites you. x2
You are too injured to fight recklessly!
You miss the quokka. The quokka bites you.
* * * LOW HITPOINT WARNING * * *
You barely miss the quokka. The quokka bites you.
You die...

#.# #.# #.# #.# #.# #.#
### ####.# ..#
#....########## #.#
#.##...@r...... #.###
#.######.###### #...##
###....###..#
##...###............#
##..................#
#............#####... ##
#...........####...####.
####. ##........###
........###+###....
#.........+
...⌠....†.'.'......


You could see a quokka.

Vanquished Creatures
  A ball python (D:1)
  2 endoplasms (D:1)
  A goblin (D:1)
  A hobgoblin (D:1)
  A bat (D:1)
  A frilled lizard (D:1)
7 creatures vanquished.

Notes
Turn   | Place    | Note
-------+----------+-------------------------------------------
     0 | D:1      | pokedragonboy the Naga Transmuter began the quest for the
                  | Orb.
     0 | D:1      | Reached XP level 1. HP: 18/18 MP: 3/3
    63 | D:1      | You fall into a shaft and drop 1 floor!
    90 | D:1      | Found a faded altar of an unknown god.
   205 | D:1      | Reached XP level 2. HP: 21/25 MP: 3/5
   361 | D:1      | Slain by a quokka

Illustrated notes

Levels and vault maps discovered:
D:1:      elethiomel_arrival_infinity_welcomes_careful_drivers, layout_basic,
          dreamdust_ecumenical_altar_grove
D:2:      layout_basic, chequers_serial_rivers_room_b

Action                     || total
---------------------------++-------
  Melee: Unarmed           ||    30
         Headbutt          ||     4
         Punch             ||     1
   Cast: Beastly Appendage ||     7
 Armour: Robe              ||     2
  Dodge: Dodged            ||    11

Table legend: (Time is in decaauts)
 A = Elapsed time spent in this place.
 B = Non-inter-level travel time spent in this place.
 C = Inter-level travel time spent in this place.
 D = Time resting spent in this place.
 E = Time spent auto-exploring this place.
 F = Levels seen in this place.
 G = Mean time per level.
                   A        B        C        D        E       F      G
               +--------+--------+--------+--------+--------+-----+--------+
         Total |    449 |    449 |      0 |     44 |    324 |   2 |  224.5 |
       Dungeon |    449 |    449 |      0 |     44 |    324 |   2 |  224.5 |
               +--------+--------+--------+--------+--------+-----+--------+

Top non-repeatable levels by time:
     D:1: 440 daAuts
     D:2: 9 daAuts
